Construct Section Command Post
Selects Air and Sea Battlegroup
Construct Platoon Command Post
Construct Field Infirmary
Selects Commando Section Paradrop
Commando Section Paradrop
Selects Commando LMG Section Paradrop
Commando LMG Section Paradrop
Unlock M3 Stuart Light Tanks
Commando LMG Section Paradrop
Commando LMG Section Paradrop
Selects Incendiary Bombing Run
Commando LMG Section Paradrop
6-pounder Anti-tank Gun Team
6-pounder Anti-tank Gun Team
6-pounder Anti-tank Gun Team
Commando LMG Section Paradrop
Selects Centaur Medium Tank
Selects Naval Bombardment